 Dungeon Crawl Stone Soup version 0.25-a0-1113-g0499d652a8 (webtiles) character file.

Game seed: 16417852545081352593, levelgen mode: deterministic

53641 vurker the Zephyrmancer (level 13, -8/110 HPs)
             Began as a Demigod Air Elementalist on May 16, 2020.
             Killed from afar by an orc sorcerer (32 damage)
             ... with a bolt of negative energy
             ... on level 2 of the Orcish Mines.
             The game lasted 00:48:19 (35116 turns).

vurker the Zephyrmancer (Demigod Air Elementalist) Turns: 35116, Time: 00:48:20

Health: -8/110     AC: 12    Str: 11    XL:     13   Next: 99%
Magic:  9/42       EV: 12    Int: 27    God:
Gold:   1186       SH:  5    Dex: 16    Spells: 22/34 levels left

rFire    . . .     SeeInvis .   a - staff of conjuration
rCold    . . .     Gourm    .   L - +0 buckler
rNeg     . . .     Faith    .   K - +0 steam dragon scales
rPois    +         Spirit   .   I - +2 hood of the Assassin {Detection Stab+ Stlth++}
rElec    .         Reflect  .   h - +0 cloak
rCorr    .         Harm     .   s - +2 pair of gloves {archery}
MR       +....                  D - +0 pair of boots
Stlth    ++++......             y - amulet of regeneration
HPRegen  0.68/turn              q - ring of magical power
MPRegen  0.28/turn              E - ring of poison resistance

@: drained
A: high mp 1
a: no special abilities


You were on level 2 of the Orcish Mines.
You were very hungry.

You visited 3 branches of the dungeon, and saw 19 of its levels.

You collected 1631 gold pieces.
You spent 445 gold pieces at shops.

Inventory:

Hand Weapons
 b - the +3 dagger "With Two Names" {vorpal, *Noise rF+ MR+ Dex+3}
   (You found it on level 4 of the Dungeon)

   It inflicts extra damage upon your enemies.
   It affects your dexterity (+3).
   It protects you from fire.
   It affects your resistance to hostile enchantments.
   It may make noises in combat.
Armour
 h - a +0 cloak (worn)
   (You found it on level 5 of the Dungeon)
 s - a +2 pair of gloves of archery (worn)
   (You found it on level 6 of the Dungeon)
 D - a +0 pair of boots (worn)
   (You found it on level 8 of the Dungeon)
 I - the +2 hood of the Assassin (worn) {Detection Stab+ Stlth++}
   (You found it on level 10 of the Dungeon)

   It makes you much more stealthy.
 K - +0 steam dragon scales (worn)
   (You found it on level 10 of the Dungeon)
 L - a +0 buckler (worn)
   (You took it off a gnoll sergeant on level 10 of the Dungeon)
Magical Staves
 a - an uncursed staff of conjuration (weapon)
   (You found it on level 4 of the Lair of Beasts)
Jewellery
 n - an uncursed ring of protection from cold
   (You found it on level 5 of the Dungeon)
 q - a ring of magical power (left hand)
   (You found it on level 6 of the Lair of Beasts)
 y - an amulet of regeneration (around neck)
   (You found it on level 6 of the Lair of Beasts)
 z - an uncursed ring of positive energy
   (You bought it in a shop on level 6 of the Dungeon)
 E - a ring of poison resistance (right hand)
   (You found it on level 6 of the Dungeon)
 N - an uncursed ring of protection from magic
   (You took it off an orc warrior on level 2 of the Orcish Mines)
Wands
 c - a wand of disintegration (23)
   (You found it on level 6 of the Dungeon)
 d - a wand of iceblast (24)
   (You found it on level 4 of the Lair of Beasts)
 t - a wand of flame (17)
   (You found it on level 4 of the Dungeon)
 u - a wand of paralysis (16)
   (You found it on level 6 of the Dungeon)
 v - a wand of digging (6)
   (You found it on level 2 of the Dungeon)
 x - a wand of acid (4)
   (You found it on level 4 of the Lair of Beasts)
 F - a wand of polymorph (36)
   (You found it on level 9 of the Dungeon)
Scrolls
 i - 3 scrolls of remove curse
 j - 3 scrolls of fear
 k - 7 scrolls of magic mapping
 p - 6 scrolls of enchant weapon
 r - 9 scrolls of teleportation
 G - a scroll of summoning
 H - 3 scrolls of identify
 J - a scroll of enchant armour
Potions
 f - a potion of invisibility
 g - 4 potions of haste
 l - a potion of heal wounds
 m - a potion of cancellation
 o - a potion of magic
 w - 3 potions of mutation
 A - a potion of ambrosia
 B - 7 potions of flight
 C - 5 potions of brilliance
 M - a potion of curing
Comestibles
 e - 25 rations


   Skills:
 + Level 8.9(8.1) Fighting
 + Level 1.8(1.2) Dodging
 - Level 1.7(1.1) Stealth
 - Level 4.0(3.3) Shields
 * Level 11.4(10.6) Spellcasting
 * Level 12.2(11.4) Conjurations
 * Level 12.5(11.7) Air Magic


You had 22 spell levels left.
You knew the following spells:

 Your Spells              Type           Power        Failure   Level  Hunger
a - Shock                 Conj/Air       ####         1%          1    None
b - Lightning Bolt        Conj/Air       #######...   1%          5    ###....
c - Airstrike             Air            ######....   1%          4    None
w - Blink                 Tloc           N/A          7%          2    None

Your spell library contained the following spells:

 Spells                   Type           Power        Failure   Level  Hunger
 Swiftness                Chrm/Air       #####...     1%          2    None
 Dazzling Flash           Conj/Hex       ######       1%          3    None
 Static Discharge         Conj/Air       #######.     1%          3    None
 Animate Skeleton         Necr           N/A          4%          1    None
 Corona                   Hex            ##.....      4%          1    None
 Pain                     Necr           ##..         4%          1    None
 Ensorcelled Hibernation  Hex/Ice        ##....       7%          2    None
 Shroud of Golubria       Chrm/Tloc      ##....       7%          2    None
 Confusing Touch          Hex            ##......     13%         3    None
 Gell's Gravitas          Tloc           ##........   13%         3    None
 Lesser Beckoning         Tloc           ##........   13%         3    None
 Teleport Other           Tloc           ##......     13%         3    None
 Tukima's Dance           Hex            ##......     13%         3    None
 Vampiric Draining        Necr           ##........   13%         3    None
 Animate Dead             Necr           N/A          41%         4    None
 Passage of Golubria      Tloc           N/A          41%         4    None
 Agony                    Necr           ##......     77%         5    ###....


Dungeon Overview and Level Annotations

Branches:
Dungeon (11/15)            Temple (0/1) D:7            Lair (6/6) D:9
 Shoals (0/4) Lair:4        Snake (0/4) Lair:3        Slime (0/5) Lair:6
    Orc (2/2) D:10            Elf (0/3) Orc:2

Shops:
D:6 *   D:10 ???   D:11 ?

Annotations:
Lair:6 1 runed translucent door


Innate Abilities, Weirdness & Mutations

You have an increased reservoir of magic. (+10% MP)


Message History

The orc wizard looks encouraged for a moment.
The ogre shouts!
Found 22 gold pieces.
Aim: an ettin, wielding two +0 dire flails The air twists around and strikes the ettin!
You block the ettin's attack. x2
Aim: an ettin, wielding two +0 dire flails (moderately wounded)
You feel a surge of power!
You hear a mighty clap of thunder!
The bolt of lightning hits the ettin!!
The bolt of lightning misses the orc knight.
The bolt of lightning hits the ogre!
You are feeling very hungry.
The orc wizard miscasts a cantrip.
The orc sorcerer casts a spell.
The ettin hits you with a +0 dire flail!
The ettin hits you with a +0 dire flail!!
Aim: an ettin, wielding two +0 dire flails (severely wounded)
You feel a surge of power!
You hear a mighty clap of thunder!
The bolt of lightning hits the ettin.
The bolt of lightning hits the orc knight!!
The orc knight roars a battlecry!
The orcs go into a battle-frenzy!
The ettin completely misses you.
The ettin hits you with a +0 dire flail!!!
* * * LOW HITPOINT WARNING * * *
There is an open door here.
Aim: an ettin, wielding two +0 dire flails (almost dead)
You feel a surge of power!
You hear a mighty clap of thunder!
The bolt of lightning hits the ettin!!!
You kill the ettin!
You feel a surge of power!
You hear a mighty clap of thunder!
The bolt of lightning hits the ogre!!
You kill the ogre!
There is an open door here.
Aim: an orc sorcerer, wielding a +0 dagger and wearing a +0 robe (strong)
The air twists around and strikes the orc sorcerer!
The orc sorcerer casts a spell at you. The bolt of fire hits you!!
* * * LOW HITPOINT WARNING * * *
Aim: an orc sorcerer, wielding a +0 dagger and wearing a +0 robe (moderately wounded, strong)
The air twists around and strikes the orc sorcerer.
Aim: an orc sorcerer, wielding a +0 dagger and wearing a +0 robe (heavily wounded, strong)
The air twists around and strikes the orc sorcerer!
The orc sorcerer points at you and mumbles some strange words.
The bolt of negative energy hits you!!
You feel drained.
You die...

#...'.#[....#.....(..[
#.'..⌠..#.........
#####[#.....#....<....
#....[#.....#.......).
#.###'########........
#.#.....# #......##
#.'.._..# #....#####
#.#.....# #.#####.#.
#.###@#######. ##....
#...#....o.## ##.....
###)######'# #......
#...# #.# ##.....
#...# #{# ##.... #≈≈≈#
{.{ #.... #§§≈# ..3..
#.... #§≈§# #....$#
##... #§§≈# ##...##
##..


You could see an orc sorcerer (strong).

Vanquished Creatures
  Jorgrun (Orc:2)
  An orc warlord (Orc:2)
  An ettin (Orc:2)
  5 hydras
  3 two-headed ogres
  An orc high priest (D:10)
  Urug (Lair:6)
  Sonja (Lair:1)
  2 unseen horrors (D:10)
  2 orc knights
  4 oklob plants
  3 orc sorcerers
  4 black mambas
  22 spiny frogs
  7 komodo dragons
  2 rime drakes
  A troll (D:9)
  A hornet (D:8)
  4 tyrant leeches (Lair:6)
  25 blink frogs
  A hippogriff (Lair:4)
  6 dream sheep
  2 basilisks
  25 yaks
  2 wyverns
  6 vampire mosquitoes
  Grum (D:8)
  A steam dragon (D:10)
  Menkaure (D:5)
  6 wargs
  2 nagas (Lair:3)
  An acid dragon (D:11)
  6 water moccasins
  7 porcupines
  An ice beast (D:7)
  27 orc warriors
  4 sky beasts
  19 ogres
  2 phantoms
  16 wolves
  6 centaurs
  6 crocodiles
  2 big kobolds
  21 bullfrogs
  A gnoll sergeant (D:10)
  A wyvern zombie (D:8)
  3 scorpions
  8 killer bees
  5 howler monkeys
  4 electric eels
  6 crimson imps
  2 centaur zombies
  A bullfrog zombie (D:6)
  A quasit (D:6)
  A bullfrog skeleton (D:6)
  3 hounds
  4 jellies
  5 centaur skeletons
  A gnoll shaman (D:6)
  15 orc priests
  4 iguanas
  13 orc wizards
  11 worker ants
  3 hound skeletons
  2 worker ant zombies
  12 gnolls
  7 adders
  A shadow imp (D:10)
  2 oozes (D:3)
  3 adder zombies
  4 adder skeletons
  2 worms
  5 dart slugs
  7 leopard geckos
  85 orcs
  3 ball pythons
  4 bats
  8 giant cockroaches
  9 goblins
  10 hobgoblins
  16 jackals
  11 kobolds
  5 quokkas
  6 frilled lizards
  8 rats
564 creatures vanquished.

Vanquished Creatures (collateral kills)
  A black mamba (Lair:1)
  2 wolves (Lair:1)
3 creatures vanquished.

Vanquished Creatures (others)
  A troll (D:10)
  A worker ant (D:10)
  An orc (D:10)
  A jackal (D:10)
  10 fungi
  26 plants
40 creatures vanquished.

Grand Total: 607 creatures vanquished

Notes
Turn   | Place    | Note
-------+----------+-------------------------------------------
     0 | D:1      | vurker the Demigod Air Elementalist began the quest for the
                  | Orb.
     0 | D:1      | Reached XP level 1. HP: 14/14 MP: 5/5
    96 | D:1      | Reached skill level 1 in Conjurations
   510 | D:1      | Reached XP level 2. HP: 22/22 MP: 0/7
  1647 | D:2      | Reached XP level 3. HP: 27/27 MP: 4/8
  2191 | D:2      | Reached skill level 1 in Fighting
  2314 | D:2      | Reached XP level 4. HP: 34/35 MP: 0/10
  2429 | D:2      | Found a snail-covered altar of Cheibriados.
  2471 | D:2      | Found a shadowy altar of Dithmenos.
  2646 | D:3      | Found a blossoming altar of Fedhas.
  2899 | D:3      | Found an opulent altar of Gozag.
  2918 | D:3      | Reached XP level 5. HP: 20/40 MP: 1/12
  4129 | D:4      | Noticed a phantom
  4140 | D:4      | Killed a phantom
  4140 | D:4      | Reached XP level 6. HP: 48/48 MP: 2/14
  4279 | D:4      | Learned a level 5 spell: Lightning Bolt
  4284 | D:4      | Learned a level 4 spell: Airstrike
  4289 | D:4      | Found a blossoming altar of Fedhas.
  4431 | D:4      | Found a sacrificial altar of Ru.
  5332 | D:4      | Got an encrusted dagger
  5699 | D:4      | Found a faded altar of an unknown god.
  5699 | D:4      | Found a shimmering blue altar of Sif Muna.
  5704 | D:4      | Found a shattered altar of Ashenzari.
  5706 | D:4      | Found an ornate altar of the Wu Jian Council.
  5707 | D:4      | Found a shimmering altar of Xom.
  5753 | D:5      | Entered Level 5 of the Dungeon
  5772 | D:5      | Identified the cursed +3 dagger "With Two Names" {vorpal,
                  | *Noise rF+ MR+ Dex+3} (You found it on level 4 of the
                  | Dungeon)
  5848 | D:5      | Reached XP level 7. HP: 48/56 MP: 6/15
  5984 | D:5      | Reached skill level 5 in Air Magic
  6165 | D:5      | Noticed Menkaure
  6167 | D:5      | Killed Menkaure
  6882 | D:5      | Reached XP level 8. HP: 63/63 MP: 7/18
  7834 | D:6      | Found a basalt altar of Yredelemnul.
  7968 | D:6      | Reached skill level 5 in Conjurations
  8158 | D:6      | Reached skill level 5 in Spellcasting
  8553 | D:6      | Found Eroipt's Assorted Antiques.
  8560 | D:6      | Bought a scroll of identify for 58 gold pieces
  8560 | D:6      | Bought a scroll labeled EZOL JAISSIYR for 29 gold pieces
  8560 | D:6      | Bought a dark potion for 26 gold pieces
  9090 | D:6      | Found a white marble altar of Elyvilon.
  9292 | D:7      | Found an ancient bone altar of Kikubaaqudgha.
  9515 | D:7      | Found a staircase to the Ecumenical Temple.
 10181 | D:6      | Bought a gilded ring for 145 gold pieces
 10246 | D:8      | Noticed a hornet
 10247 | D:8      | Noticed Grum
 10254 | D:7      | Reached XP level 9. HP: 71/71 MP: 15/21
 10794 | D:8      | Killed Grum
 12096 | D:8      | Reached skill level 5 in Fighting
 12398 | D:9      | Reached XP level 10. HP: 55/81 MP: 2/24
 12732 | D:8      | HP: 2/81 [yak (7)]
 13499 | D:9      | Found a staircase to the Lair.
 13997 | D:9      | Got a brightly glowing halberd
 14015 | D:10     | Entered Level 10 of the Dungeon
 14026 | D:10     | Learned a level 2 spell: Blink
 14548 | D:10     | Identified the +4 halberd of the Shark {freeze, *Rage +Fly
                  | Str-3 Int+6} (You found it on level 9 of the Dungeon)
 14576 | D:10     | Found Turogug's Magic Scroll Shoppe.
 14582 | D:10     | Bought a scroll of summoning for 142 gold pieces
 14582 | D:10     | Bought a scroll of teleportation for 45 gold pieces
 14723 | D:10     | Killed an unseen horror
 14927 | D:10     | Found the +2 hood of the Assassin {Detection Stab+ Stlth++}
 15154 | D:10     | Found Moocuivu's Magic Scroll Shoppe.
 15222 | D:10     | Killed an unseen horror
 15284 | D:10     | Found Toeluw's Magic Scroll Shop.
 15502 | D:10     | Found a shimmering altar of Xom.
 15507 | D:10     | Reached XP level 11. HP: 89/89 MP: 18/27
 15949 | D:10     | Found a staircase to the Orcish Mines.
 16128 | D:11     | Found Amiapn's Magic Scroll Shop.
 16139 | D:11     | Noticed a two-headed ogre
 16146 | D:11     | Killed a two-headed ogre
 16148 | D:11     | Reached skill level 1 in Shields
 17317 | Lair:1   | Entered Level 1 of the Lair of Beasts
 17823 | Lair:1   | Noticed Sonja
 17825 | Lair:1   | Killed Sonja
 18626 | Lair:1   | Reached skill level 10 in Air Magic
 19222 | Lair:1   | Noticed an eight-headed hydra
 19227 | Lair:1   | Killed an eight-headed hydra
 20087 | Lair:2   | Noticed an eight-headed hydra
 20095 | Lair:2   | Killed an eight-headed hydra
 20095 | Lair:2   | Reached XP level 12. HP: 100/100 MP: 8/29
 20434 | Lair:2   | Reached skill level 10 in Conjurations
 20556 | Lair:2   | You fall into a shaft and drop 3 floors!
 21071 | Lair:4   | Found a staircase to the Shoals.
 21194 | Lair:3   | You fall into a shaft and drop 1 floor!
 22361 | Lair:3   | Found a staircase to the Snake Pit.
 24280 | Lair:4   | Got a steaming trident
 24281 | Lair:4   | Identified the +6 trident of Bufu {venom, Fragile rN+
                  | Str+4} (You found it on level 4 of the Lair of Beasts)
 24925 | Lair:5   | Reached skill level 10 in Spellcasting
 25219 | Lair:5   | Noticed a seven-headed hydra
 25224 | Lair:5   | Killed a seven-headed hydra
 25374 | Lair:5   | Noticed a five-headed hydra
 25380 | Lair:5   | Killed a five-headed hydra
 25889 | Lair:6   | Entered Level 6 of the Lair of Beasts
 25912 | Lair:6   | Noticed Urug
 26572 | Lair:6   | Killed Urug
 26572 | Lair:6   | Reached XP level 13. HP: 88/107 MP: 7/32
 29388 | Lair:6   | Found a runed translucent door.
 29388 | Lair:6   | Found a viscous altar of Jiyva.
 29446 | Lair:6   | Found a staircase to the Slime Pits.
 29446 | Lair:6   | Noticed an acid blob
 30349 | Orc:1    | Entered Level 1 of the Orcish Mines
 31092 | Orc:2    | Entered Level 2 of the Orcish Mines
 31679 | Orc:2    | Noticed Jorgrun
 32259 | Orc:2    | Killed Jorgrun
 32486 | Orc:1    | Found a bloodstained altar of Trog.
 33009 | Orc:2    | Noticed an orc warlord
 33230 | Orc:2    | Killed an orc warlord
 33757 | Orc:2    | Found a staircase to the Elven Halls.
 34613 | Orc:2    | Found a roughly hewn altar of Beogh.
 35116 | Orc:2    | Killed from afar by an orc sorcerer

Illustrated notes

Levels and vault maps discovered:
D:1:      matt_arrival_refuge, layout_basic, amethyst_killhole
D:2:      layout_rooms, nicolae_overflow_hidden_temple,
          nicolae_overflow_crystal_walls
D:3:      minmay_razor_zed, layout_basic, grunt_gozag_statues,
          fedhas_ov_isle_minmay
D:4:      layout_loops_corners, old_standard_altar,
          chequers_temple_overflow_minitemple, first_ration, minivault_5,
          nicolae_ru_path_of_blood
D:5:      layout_layer_cave, uniq_menkaure
D:6:      layout_cave_pods, kennysheep_mini, old_standard_altar, serial_shops,
          shop
D:7:      layout_gridville, lemuel_round_altar, minmay_temple_entry_glassed_door
D:8:      layout_rooms, uniq_grum
D:9:      layout_loops_ring, dpeg_oklobed_lair
D:10:     layout_basic, minmay_orc_entry_guard_dogs, serial_shops,
          nicolae_shop_crystal, nicolae_shop_stone, shop, xom_confusion_cloud
D:11:     layout_basic, serial_shops, nicolae_shop_window_shopping
Lair:1:   beast_lair_carwin_large_2, layout_layer_cave, dpeg_stationary_puzzle,
          uniq_sonja
Lair:2:   layout_regular_city, infiniplex_staircase_pool, serial_bayou_shore_b,
          serial_bayou_shore_b, serial_bayou_shore_b
Lair:3:   layout_regular_city, guppyfry_snake_entry_island,
          chequers_serial_rivers_small_a, beast_lair_carwin_2
Lair:4:   layout_regular_city, shoals_dummy_entry, minmay_lair_oklob_chamber,
          infiniplex_staircase_pool_2, lemuel_fruit_fields, grunt_megastairs_4,
          serial_bayou_shore_a
Lair:5:   layout_loops_ring, portal_ice_cave_entry_pillars_1
Lair:6:   minmay_lair_end_frog_pond, layout_regular_city, slime_altar_2,
          chequers_serial_rivers_micro_c, uniq_urug
Orc:1:    layout_caves, basic_altar
Orc:2:    pubby_orc_utopia, uniq_jorgrun

Skill      XL: |  1  2  3  4  5  6  7  8  9 10 11 12 13 |
---------------+----------------------------------------+-----
Conjurations   | 1 2 3 4 6 7 8 9 11 12 | 12.2
Spellcasting   | 2 3 4 5 6 8 9 10 11 | 11.4
Air Magic      | 3 4 5 6 7 9 10 11 12 | 12.5
Fighting       | 1 2 3 4 5 6 7 8 |  8.9
Shields        | 3 4 |  4.0
Dodging        | |  1.8
Stealth        | |  1.7

Action                   |  1- 3 |  4- 6 |  7- 9 | 10-12 | 13-15 || total
-------------------------+-------+-------+-------+-------+-------++-------
Melee: Dagger            |    19 |     8 |    35 |    88 |       ||   150
       Halberd           |       |       |       |    12 |       ||    12
       Staff             |       |       |       |     2 |     8 ||    10
 Cast: Shock             |   102 |   175 |   220 |    71 |    21 ||   589
       Airstrike         |       |     1 |    69 |   339 |   344 ||   753
       Lightning Bolt    |       |       |     5 |    17 |    19 ||    41
       Blink             |       |       |       |       |     3 ||     3
Evoke: Wand              |       |       |     2 |    19 |     7 ||    28
  Use: Scroll            |       |     2 |    17 |     9 |     5 ||    33
 Stab: Paralysed         |       |       |       |     7 |       ||     7
  Eat: Chunk             |     5 |     8 |    25 |    35 |    24 ||    97
       Ration            |       |     1 |     1 |     4 |     1 ||     7
Armor: Robe              |     4 |     3 |     1 |       |       ||     8
       Leather armour    |       |       |    39 |    29 |       ||    68
       Steam dragon scal |       |       |       |    73 |    48 ||   121
Dodge: Dodged            |    29 |    29 |    96 |   126 |   122 ||   402
Block: Buckler           |       |       |       |    24 |    64 ||    88

Table legend:
 A = Non-vault XP
 B = Vault XP
 C = Vault XP percentage of total XP
 D = Non-vault monster count
 E = Vault monster count
 F = Vault count percentage of total count
                 A         B        C        D         E       F
            +---------+---------+-------+---------+---------+-------
      Total |   40741 |   35890 |  46.8 |     374 |     193 |  34.0
            +---------+---------+-------+---------+---------+-------
        D:1 |      47 |       0 |   0.0 |      21 |       0 |   0.0
        D:2 |      86 |       0 |   0.0 |      18 |       0 |   0.0
        D:3 |     171 |     118 |  40.8 |      37 |      12 |  24.5
        D:4 |     412 |       0 |   0.0 |      19 |       0 |   0.0
        D:5 |     806 |     172 |  17.6 |      22 |       1 |   4.3
        D:6 |    1129 |       0 |   0.0 |      38 |       0 |   0.0
        D:7 |     432 |     230 |  34.7 |      13 |       2 |  13.3
        D:8 |    2535 |     414 |  14.0 |      37 |       3 |   7.5
        D:9 |    2800 |       0 |   0.0 |      26 |       0 |   0.0
       D:10 |    5244 |    1624 |  23.6 |      28 |      12 |  30.0
       D:11 |    2798 |       0 |   0.0 |      15 |       0 |   0.0
     Lair:1 |    5051 |    2746 |  35.2 |      23 |       8 |  25.8
     Lair:2 |    2721 |       0 |   0.0 |      11 |       0 |   0.0
     Lair:3 |    3258 |    1122 |  25.6 |      12 |       6 |  33.3
     Lair:4 |    3388 |    1850 |  35.3 |      15 |       5 |  25.0
     Lair:5 |    5164 |    3039 |  37.0 |      15 |       9 |  37.5
     Lair:6 |    4371 |    9491 |  68.5 |      15 |      39 |  72.2
      Orc:1 |     328 |    1933 |  85.5 |       9 |      28 |  75.7
      Orc:2 |       0 |   13151 | 100.0 |       0 |      68 | 100.0
            +---------+---------+-------+---------+---------+-------
